Map: Givre EC

Players

Bablecso

  • Race: Zerg Zerg
  • League: Silver
  • Spawn Location: 5:00

zidar - Winner!

  • Race: Zerg Zerg
  • League: Gold
  • Spawn Location: 7:00

VOD

Have the link to the VOD?

Description

Time

  • Played on: June 4, 2016, 9:02 a.m.
  • Length: 11:33
Show
View Real Time Build Order
Export as new Build Order

Bablecso Zerg 

Build Orders: Hatch First 

Get SALT Encoding   

  12  0:01  Drone  
  13  0:13  Overlord  
  13  0:17  Drone  
  14  0:31  Drone x2  
  16  0:41  Drone  
  17  0:56  Hatchery  
  16  1:10  Spawning Pool  
  15  1:20  Drone  
  15  1:21  Drone  
  15  1:22  Drone  
  18  1:36  Extractor  
  18  1:37  Drone  
  18  1:46  Overlord  
  18  1:52  Drone  
  19  1:57  Queen  
  21  2:04  Drone  
  21  2:06  Extractor  
  21  2:08  Queen  
  21  2:09  Drone  
  24  2:18  Roach Warren  
  24  2:22  Drone  
  24  2:42  Overlord x2  
  24  2:53  Drone x4  
  28  3:02  Roach x2  
  32  3:07  Drone x2  
  34  3:17  Lair  
  34  3:20  Drone  
  34  3:22  Drone  
  34  3:26  Drone  
  37  3:29  Drone  
  38  3:35  Drone x2  
  38  3:36  Drone  
  41  3:49  Spine Crawler  
  41  3:54  Roach x2, Overlord  
  44  4:00  Spore Crawler  
  43  4:09  Overlord  
  43  4:12  Queen  
  46  4:17  Zergling x4  
  40  4:35  Drone x2  
  40  4:36  Drone x2  
  40  4:37  Drone  
  45  4:41  Drone  
  45  4:44  Roach x3  
  52  4:49  Drone x2  
  54  4:54  Overlord  
  54  4:56  Drone  
  55  5:12  Roach x2  
  59  5:17  Spire  
  59  5:18  Drone x2  
  59  5:19  Drone  
  61  5:22  Extractor  
  60  5:42  Hatchery  
  47  6:04  Roach x2  
  47  6:05  Roach x4  
  47  6:06  Roach x3  
  61  6:17  Spine Crawler  
  60  6:23  Roach x4  
  68  6:57  Overlord x3  
  68  7:22  Mutalisk x2  
  68  7:23  Mutalisk x3  
  68  7:27  Hatchery  
  77  7:42  Evolution Chamber  
  77  7:43  Drone  
  78  7:44  Overlord, Drone x3  
  78  7:51  Mutalisk  
  80  7:53  Mutalisk  
  84  8:13  Mutalisk  
  86  8:20  Roach  
  86  8:26  Drone x2  
  86  8:27  Drone x2  
  92  8:40  Overlord, Drone x2  
  94  8:41  Overlord x2  
  94  8:44  Queen  
  96  8:48  Extractor  
  96  8:53  Extractor  
  95  8:55  Drone  
  95  8:56  Extractor, Drone x4  
  95  8:57  Drone  
  95  9:02  Mutalisk x2  
  103  9:04  Roach x2  
  103  9:05  Roach  
  109  9:29  Hatchery  
  109  9:30  Zerg Ground Armor Level 1  
  109  9:31  Evolution Chamber  
  105  9:40  Roach x5  
  115  9:47  Ravager  
  115  9:48  Ravager  
  117  9:59  Spore Crawler  
  116  10:00  Spore Crawler  
  102  10:38  Ravager x2  
  102  10:39  Ravager  
  102  10:44  Mutalisk  
  102  10:45  Mutalisk x2  
  95  10:57  Mutalisk  
  95  10:58  Mutalisk  
  94  11:09  Spore Crawler  
  94  11:11  Spore Crawler  
  85  11:26  Spore Crawler  
Show
View Real Time Build Order
Export as new Build Order

zidar Zerg - Winner!

Build Orders: Pool First 

Get SALT Encoding   

  12  0:01  Drone  
  13  0:13  Overlord  
  13  0:16  Drone  
  14  0:31  Drone x2  
  14  0:34  Drone  
  17  0:49  Spawning Pool  
  16  0:51  Drone  
  17  1:14  Hatchery  
  17  1:17  Drone  
  17  1:22  Extractor, Drone  
  17  1:26  Drone  
  17  1:29  Drone  
  19  1:40  Queen  
  21  1:48  Overlord  
  21  2:19  Drone x2  
  23  2:35  Zergling x6  
  26  2:44  Zergling x2  
  26  2:45  Zergling x2  
  26  2:49  Overlord  
  28  2:51  Metabolic Boost  
  28  3:08  Queen  
  28  3:09  Baneling Nest  
  28  3:12  Zergling x4  
  31  3:14  Queen  
  33  3:43  Extractor  
  32  3:56  Lair  
  32  3:58  Pneumatized Carapace  
  29  4:28  Zergling x16  
  29  4:29  Zergling x6  
  36  4:36  Roach Warren  
  35  4:53  Spine Crawler  
  35  4:55  Spine Crawler  
  35  4:56  Spine Crawler  
  32  5:01  Zergling x8  
  36  5:15  Overlord x2  
  36  5:16  Overlord  
  29  6:09  Baneling  
  28  6:16  Spire  
  28  6:17  Drone x7  
  34  6:45  Drone  
  34  6:46  Drone x5  
  40  7:13  Extractor  
  40  7:15  Extractor  
  38  7:27  Mutalisk x6  
  50  7:31  Mutalisk  
  52  8:05  Mutalisk x2  
  55  8:18  Overlord x2  
  55  8:19  Overlord  
  55  8:36  Overlord x2  
  55  8:38  Mutalisk  
  55  8:39  Mutalisk  
  59  8:46  Mutalisk  
  61  8:49  Zergling x10  
  66  9:01  Drone x3  
  69  9:18  Mutalisk  
  69  9:19  Mutalisk  
  69  9:22  Zergling x2  
  69  9:23  Zergling x2  
  75  9:41  Mutalisk x3  
  80  10:05  Mutalisk x3  
  86  10:08  Zergling x4  
  66  10:47  Mutalisk x5  
Tags
 
Matchup
ZvZ
Race
Zerg
Spawn Locations
Close Positions
Add a new tag
Caveats
  • Supply blocks, unpowered buildings, or Contaminate may cause inaccurate times.
  • Supply counts are checked every 10 seconds.